 Dungeon Crawl Stone Soup version 0.30.1-4-g462c640d31 (webtiles) character file.

Game seed: 9937364124457895092

2045 lonewolfV2 the Chopper (level 9, -8/68 HPs)
             Began as a Demonspawn Fighter on Aug 25, 2023.
             Mangled by an orc wizard
             ... wielding a +1 dagger of distortion
              (19 damage)
             ... on level 7 of the Dungeon.
             The game lasted 00:08:03 (7004 turns).

lonewolfV2 the Chopper (Demonspawn Fighter)         Turns: 7004, Time: 00:08:04

Health: -8/68      AC:  7    Str: 22    XL:     9   Next: 4%
Magic:  0/9        EV: 10    Int:  9    God:
Gold:   324        SH:  0    Dex: 12    Spells: 8/8 levels left

rFire   . . .        a - +0 war axe
rCold   . . .        c - +0 buckler
rNeg    . . .        b - +0 scale mail
rPois   .            (no helmet)
rElec   .            (no cloak)
rCorr   +            (no gloves)
SInv    .            (no boots)
Will    .....        h - amulet of guardian spirit Stlth
                     j - ring of resist corrosion
HPRegen 0.31/turn    (no ring)
MPRegen 0.11/turn

%: guardian spirit
@: confused
A: claws 2, demonic guardian 1, demonic magic 1, weakness stinger 1
a: no special abilities


You were on level 7 of the Dungeon.
You visited 1 branch of the dungeon, and saw 7 of its levels.

You collected 324 gold pieces.

Inventory:

Hand Weapons
 a - a +0 war axe (weapon)
Missiles
 w - a throwing net
Armour
 b - a +0 scale mail (worn)
 c - a +0 buckler (worn)
Jewellery
 h - an amulet of guardian spirit (around neck)
 j - a ring of resist corrosion (left claw)
Wands
 g - a wand of charming (7)
 r - a wand of flame (28)
Scrolls
 f - 2 scrolls of silence
 i - a scroll of vulnerability
 k - 2 scrolls of poison
 l - 2 scrolls of fear
 m - 3 scrolls of teleportation
 p - 4 scrolls of identify
 t - a scroll of fog {unknown}
 y - a scroll of amnesia
Potions
 d - 2 potions of might
 e - 2 potions of degeneration
 n - 2 potions of curing
 o - a potion of flight {unknown}
 s - a potion of heal wounds {unknown}
 u - a potion of cancellation {unknown}
 v - 2 potions of attraction {unknown}
 x - a potion of brilliance
Miscellaneous
 q - a piece from Xom's chessboard (15/15) (quivered)


   Skills:
 + Level 5.3 Fighting
 + Level 6.9 Axes
 + Level 6.2 Armour
 + Level 2.5 Dodging
 + Level 1.4 Stealth
 + Level 4.3 Shields
 + Level 0.5 Evocations


You had 8 spell levels left.
You didn't know any spells.
Your spell library contained the following spells:

 Spells                   Type           Power      Damage    Failure   Level
 Cigotuvi's Dreadful Rot  Necr/Pois/Air  0%         N/A       87%         2
 Ignite Poison            Fire/Tmut/Pois 0%         N/A       98%         3
 Vhi's Electric Charge    Tloc/Air       0%         N/A       98%         3
 Volatile Blastmotes      Fire/Tloc      0%         2d10      98%         3
 Fulminant Prism          Conj/Hex       0%         3d5       100%        4
 Iskenderun's Mystic Bla  Conj/Tloc      0%         2d3       100%        4
 Manifold Assault         Tloc           0%         N/A       100%        4
 Arcjolt                  Conj/Air       0%         1d10      100%        5
 Freezing Cloud           Conj/Ice/Air   0%         6-21      100%        5
 Lee's Rapid Deconstruct  Erth           0%         3d4*      100%        5
 Dispersal                Tloc           0%         N/A       100%        6
 Plasma Beam              Fire/Air       0%         2x1d11    100%        6
 Disjunction              Tloc           0%         N/A       100%        8


Dungeon Overview and Level Annotations

Branches:
Dungeon (7/15)
 Temple: D:4-7

Altars:
Cheibriados
Dithmenos
Hepliaklqana
Nemelex Xobeh
Trog
Xom


Innate Abilities, Weirdness & Mutations

You have very sharp fingernails.
A weak demonic guardian rushes to your aid.
Spells you cast may paralyse adjacent enemies.
You have a small tail.


Message History

Your tail-slap misses the orc warrior.
The orc warrior is heavily wounded.
The orc warrior barely misses you.
You hit the orc warrior but do no damage.
You tail-slap the orc warrior.
The orc warrior is heavily wounded.
The orc warrior hits you with a +0 short sword.
You hit the orc warrior but do no damage.
The orc warrior is heavily wounded.
The orc warrior hits you with a +0 short sword.
* * * LOW HITPOINT WARNING * * *
You hit the orc warrior but do no damage.
Your tail-slap misses the orc warrior.
The orc warrior is heavily wounded.
The orc warrior barely misses you.
You slash the orc warrior!
The orc warrior is almost dead.
The orc warrior hits you but does no damage.
The orc warrior closely misses you.
You closely miss the orc warrior.
The orc warrior is almost dead.
The orc warrior hits you with a +0 short sword.
* * * LOW HITPOINT WARNING * * *
A demonic guardian appears!
You barely miss the orc warrior.
The orc warrior is almost dead.
You block the orc warrior's attack.
You slash the orc warrior!
You kill the orc warrior!
You have reached level 9!
Your experience leads to an increase in your attributes!
Increase (S)trength, (I)ntelligence, or (D)exterity?
You feel stronger. x2
You miss something.
Your tail-slap misses something.
You hear some strange, mumbled words.
You are confused.
You bump into the stone wall.
Something hits you.
* * * LOW HITPOINT WARNING * * *
Space warps horribly around you!!
You die...

##.......##
##.....#
##.....##
##.#### ##...##
#.#
##+##########.#
# #.......#.#
#.##.......#.#
. ...........#
#...#.#####.###
.....o{@5...#
#############


You could see an orc (ally target) and a friendly quasit (summoned).

Vanquished Creatures
  Pikel (D:3)
  An orc warrior (D:7)
  A sky beast (D:6)
  An ogre (D:6)
  A centaur (D:5)
  A kobold brigand (D:6)
  5 scorpions
  A howler monkey (D:5)
  4 hounds
  2 jellies
  An orc priest (D:4)
  A gnoll bouda (D:5)
  Crazy Yiuf (D:6)
  3 sleepcaps
  10 adders
  5 gnolls
  A shadow imp (D:5)
  3 white imps
  2 ufetubi (D:5)
  2 dart slugs
  15 orcs
  3 ball pythons
  3 endoplasms
  2 giant cockroaches
  4 hobgoblins
  3 jackals (D:2)
  4 quokkas
  3 bats (D:1)
  2 frilled lizards
  9 goblins
  17 kobolds
  6 rats
118 creatures vanquished.

Vanquished Creatures (collateral kills)
  An ice beast (D:5)
  3 hounds
  An orc priest (D:4)
  2 gnolls
  An adder (D:2)
  2 orcs (D:5)
  An endoplasm (D:2)
  A jackal (D:2)
  A frilled lizard (D:1)
  3 kobolds
16 creatures vanquished.

Grand Total: 134 creatures vanquished

Notes
Turn   | Place    | Note
-------+----------+-------------------------------------------
     0 | D:1      | lonewolfV2 the Demonspawn Fighter began the quest for the
                  | Orb.
     0 | D:1      | Reached XP level 1. HP: 18/18 MP: 1/1
    62 | D:1      | Gained mutation: A weak demonic guardian rushes to your
                  | aid. [demonic ancestry]
    62 | D:1      | Reached XP level 2. HP: 9/24 MP: 2/2
   354 | D:1      | Reached XP level 3. HP: 20/29 MP: 3/3
   912 | D:2      | Noticed a chaos spawn
  1041 | D:2      | Reached XP level 4. HP: 35/35 MP: 4/4
  1221 | D:2      | Found a faded altar of an unknown god.
  1836 | D:3      | Found a sparkling altar of Nemelex Xobeh.
  1918 | D:3      | Found a bloodstained altar of Trog.
  3047 | D:4      | Noticed Pikel
  3048 | D:4      | Discovered your monstrous ancestry.
  3048 | D:4      | Gained mutation: You have a small tail. [demonic ancestry]
  3048 | D:4      | Reached XP level 5. HP: 31/41 MP: 5/5
  3334 | D:4      | Noticed a lemure
  3334 | D:4      | Noticed a lemure
  3334 | D:4      | Noticed a lemure
  3336 | D:4      | Noticed a lemure
  3340 | D:3      | HP: 1/41 [Pikel/+0 whip of freezing (3)]
  3350 | D:3      | Killed Pikel
  3351 | D:3      | Reached skill level 1 in Dodging
  3351 | D:3      | Gained mutation: You have sharp fingernails. [demonic
                  | ancestry]
  3351 | D:3      | Reached XP level 6. HP: 23/48 MP: 6/6
  3351 | D:3      | Gained mutation: Spells you cast may paralyse adjacent
                  | enemies. [demonic ancestry]
  3351 | D:3      | Reached XP level 7. HP: 26/54 MP: 7/7
  3655 | D:4      | Reached skill level 5 in Axes
  3790 | D:4      | Reached skill level 5 in Armour
  4512 | D:5      | Entered Level 5 of the Dungeon
  4673 | D:5      | Gained mutation: You have very sharp fingernails. [demonic
                  | ancestry]
  4673 | D:5      | Reached XP level 8. HP: 52/61 MP: 8/8
  4690 | D:5      | Reached skill level 1 in Stealth
  5957 | D:6      | Found a shimmering altar of Xom.
  6078 | D:6      | Found a snail-covered altar of Cheibriados.
  6100 | D:6      | Reached skill level 5 in Fighting
  6369 | D:6      | Found a runed translucent door.
  6370 | D:6      | Noticed Crazy Yiuf
  6768 | D:6      | Found a shadowy altar of Dithmenos.
  6769 | D:6      | Found a hazy altar of Hepliaklqana.
  6849 | D:6      | Killed Crazy Yiuf
  7003 | D:7      | Reached XP level 9. HP: 12/68 MP: 2/9
  7004 | D:7      | Mangled by an orc wizard

Illustrated notes

Levels and vault maps discovered:
D:1:      lordsloth_arrival_two_stooges, layout_loops_cross, fountainhead
D:2:      layout_rooms, dreamdust_ecumenical_altar_sealed_demon,
          minmay_tetromino_t2
D:3:      layout_loops_ring, lemuel_coloured_pillars_altar,
          mainiacjoe_overflow_big_doors, minmay_goblin_outpost
D:4:      minmay_spotlight, layout_cave_pools, grunt_decor_one_mirror,
          uniq_pikel
D:5:      layout_loops_ring, hellmonk_bongcloud_opening,
          minmay_increasing_density
D:6:      layout_gridville, cheibriados_altar_1,
          riverfiend_overflow_shadow_ancestor, xom_teletrap_fun,
          uniq_crazy_yiuf_cottage
D:7:      minmay_opposing_rooms, layout_loops_corners,
          mainiacjoe_overflow_cross_hatched,
          minmay_temple_entry_drinking_statues, serial_shops,
          nicolae_shop_tiny_waterfront, feat_on_display, uniq_maggie,
          uniq_prince_ribbit1

Skill      XL: |  1  2  3  4  5  6  7  8 |
---------------+-------------------------+-----
Axes           | 2 3 4 5 6 |  6.9
Armour         | 3 4 5 6 |  6.2
Shields        | 3 4 |  4.3
Fighting       | 4 5 |  5.3
Dodging        | 1 2 |  2.5
Stealth        | 1 |  1.4
Evocations     | |  0.5

Action                     |  1- 3 |  4- 6 |  7- 9 || total
---------------------------+-------+-------+-------++-------
  Melee: War axe           |    97 |    61 |   230 ||   388
         Tailslap          |       |     2 |    37 ||    39
  Evoke: Piece from Xom's  |       |       |     4 ||     4
    Use: Scroll            |       |     8 |     2 ||    10
         Potion            |       |     4 |     1 ||     5
   Stab: Distracted        |       |       |     1 ||     1
 Armour: Scale mail        |    70 |    48 |   112 ||   230
  Dodge: Dodged            |    77 |    59 |   130 ||   266
  Block: Buckler           |    40 |    21 |    76 ||   137
